 Dungeon Crawl Stone Soup version 0.30-a0-883-g5ad918d77d (webtiles) character file.

Game seed: 1390688801007433798

9235 jasper the Cleaver (level 11, -7/73 (84) HPs)
             Began as a Demonspawn Gladiator on Mar 16, 2023.
             Was a High Priest of Trog.
             Mangled by Snorg (14 damage)
             ... on level 10 of the Dungeon.
             The game lasted 00:22:48 (9555 turns).

jasper the Cleaver (Demonspawn Gladiator)           Turns: 9555, Time: 00:22:49

HP:   -7/73 (84)    AC: 14    Str: 18    XL:     11   Next: 20%
MP:   11/11         EV: 15    Int: 11    God:    Trog [*****.]
Gold: 166           SH:  5    Dex: 18    Spells: 10/10 levels left

rFire   + . .      SeeInvis .    A - +0 war axe
rCold   . . .      Faith    .    z - +0 buckler
rNeg    . . .      Spirit   .    b - +2 chain mail {Will+}
rPois   .          Reflect  .    c - +0 helmet
rElec   .          Rampage  .    M - scarf {+Inv}
rCorr   .                        (gloves unavailable)
Will    +....                    w - +0 pair of boots
Stlth   +                        (no amulet)
HPRegen 0.32/turn                s - ring of protection from fire
MPRegen 0.24/turn                Q - +5 ring of evasion

@: heavily drained
A: claws 3, thin skeletal structure 2, magic regeneration
a: Renounce Religion, Evoke Invisibility, Berserk, Trog's Hand, Brothers in Arms


You were on level 10 of the Dungeon.
You worshipped Trog.
Trog was extremely pleased with you.
You visited 1 branch of the dungeon, and saw 10 of its levels.
You also visited: Ossuary.

You collected 597 gold pieces.
You spent 431 gold pieces at shops.

Inventory:

Hand Weapons
 h - a +0 heavy flail
 m - a +3 spear of venom
 y - a +2 hand axe of freezing
 A - a +0 war axe (weapon)
Missiles
 d - 3 throwing nets
 e - a javelin
 j - 135 stones (quivered)
 p - 52 poisoned darts
 I - 5 boomerangs
Armour
 b - a +2 chain mail of willpower (worn)
 c - a +0 helmet (worn)
 r - a +1 troll leather armour
 w - a +0 pair of boots (worn)
 z - a +0 buckler (worn)
 L - a +0 kite shield
 M - a scarf of invisibility (worn)
 N - a +0 ring mail of cold resistance
 V - a +0 cloak
Jewellery
 q - a ring of resist corrosion
 s - a ring of protection from fire (left claw)
 Q - a +5 ring of evasion (right claw)
 S - a +6 ring of strength
 T - a +6 ring of strength
 U - an amulet of magic regeneration
Wands
 o - a wand of flame (22)
 u - a wand of charming (3)
 G - a wand of iceblast (7)
 Z - a wand of digging (4)
Scrolls
 a - 6 scrolls of fear
 g - 2 scrolls of amnesia
 i - a scroll of butterflies {unknown}
 k - 3 scrolls of poison
 x - 2 scrolls of fog
 E - 3 scrolls of teleportation
 F - 4 scrolls of identify
 O - 3 scrolls of vulnerability
 P - a scroll of blinking
 R - a scroll of enchant armour
 W - 2 scrolls of enchant weapon
 X - a scroll of torment
 Y - 3 scrolls of magic mapping
Potions
 f - a potion of flight
 l - 4 potions of curing
 n - 3 potions of lignification
 t - 7 potions of haste
 v - a potion of ambrosia
 B - 2 potions of might
 C - 3 potions of heal wounds
 D - 3 potions of magic
 H - 2 potions of resistance
 J - 2 potions of mutation
 K - a potion of degeneration {unknown}


   Skills:
 + Level 7.3 Fighting
 * Level 9.7 Axes
 - Level 1.7 Throwing
 + Level 6.3 Armour
 + Level 7.0 Dodging
 - Level 4.0 Shields
 - Level 6.0 Evocations


You had 10 spell levels left.
You didn't know any spells.
Your spell library was empty.

Dungeon Overview and Level Annotations

Branches:
Dungeon (10/15)            Temple (0/1) D:6             Orc (0/2) D:9
Ossuary (visited)
   Lair: D:8-11

Altars:
Sif Muna
Trog

Shops:
D:3 [   D:7 (   D:8 (=   D:9 ([

Portals:
Trove: D:10 (give +2 gold dragon scales)

Annotations:
D:5 2 transporters, AverageBear's ghost, novice OpFi
D:10 Snorg


Innate Abilities, Weirdness & Mutations

You have claws for hands.
You have a moderately thin skeletal structure. (Dex +4, Stealth++)
You regenerate magic rapidly.


Message History

You destroy the wight!
Trog accepts your kill.
Unknown command.
Snorg looks more healthy.
A gnoll comes into view. It is wielding a +0 flail.
What are your orders? t - Shout!
Orders for allies: a - Attack new target. r - Retreat! s - Stop attacking. g - Guard the area. f - Follow me.
Anything else - Cancel.
Gang up on whom?
Press: ? - help, Dir - move target, f - gnoll
Aim: a gnoll, wielding a +0 flail (ally target) Attack!
Snorg is no longer charmed.
Snorg bites you but does no damage. You block Snorg's attack. x2
You block Snorg's attack. x2; Snorg barely misses you.
Snorg closely misses you. Snorg claws you. Snorg claws you!
You take 17 damage, and have 51/73 hp.
MASSIVE DAMAGE!!
Okay, then.
Throw: 4 throwing nets
Press: ? - help, Shift-Dir - straight line, f/p - gnoll
Aim: a gnoll, wielding a +0 flail (68% to hit)
You throw a throwing net. The throwing net barely misses Snorg.
The throwing net hits the gnoll.
The gnoll is caught in the net!
Snorg bites you but does no damage. Snorg claws you!
Snorg claws you but does no damage.
The gnoll struggles against the net.
You take 15 damage, and have 36/73 hp.
MASSIVE DAMAGE!!
Okay, then.
Aiming: Charm
Press: ? - help, Shift-Dir - straight line, f/p - gnoll
Aim: a gnoll, wielding a +0 flail (entangled in a net, chance to affect: 72%) Snorg easily resists.
Snorg bites you. Snorg claws you!
* * * LOW HITPOINT WARNING * * *
Snorg completely misses you.
The gnoll struggles against the net.
Snorg misses you. Snorg claws you!
* * * LOW HITPOINT WARNING * * *
Snorg claws you!
You die...

..##....... ..........)..###
..# ...............# .. .
#.............## .. ..
##...........### ..
...#........))..# ..
...).....#))..#.## .......
........#)......# ..........
#..............# ...........
#.@.........#.## ..........##
#..T........###
#..........#####..........#
...###.....#................
....##.....#)................
...........#....))...g.......
.................?...##.....
...........<.......).......
.......<............))...#


You could see Snorg (berserk) and a gnoll (caught).

Vanquished Creatures
  A two-headed ogre (D:8)
  Pikel (D:5)
  3 kobold demonologists (D:7)
  An efreet (D:10)
  A komodo dragon (D:10)
  9 yaks
  A wyvern (D:9)
  A steam dragon (D:6)
  Eustachio (D:6)
  A water moccasin (D:7)
  Duvessa (D:7)
  3 orc warriors
  A black bear (D:7)
  4 ice beasts
  An ogre (D:5)
  4 centaurs
  2 phantoms
  5 kobold brigands
  2 bullfrogs
  3 gnoll sergeants
  16 scorpions
  2 wights (D:10)
  Dowan (D:7)
  15 killer bees
  A howler monkey (D:4)
  6 orc priests
  3 human zombies (Ossuary)
  A gnoll bouda (D:5)
  3 hounds
  2 sleepcaps
  3 scorpion zombies (Ossuary)
  Terence (D:2)
  5 iguanas
  4 orc wizards
  3 mummies (Ossuary)
  5 adders
  15 gnolls
  A shadow imp (D:7)
  A white imp (D:5)
  4 dart slugs
  29 orcs
  A bat (D:1)
  6 endoplasms
  A giant cockroach (D:3)
  3 gnoll zombies (Ossuary)
  5 goblins
  3 hobgoblins
  8 jackals
  31 kobolds
  4 quokkas
  7 ball pythons
  2 frilled lizards
  2 goblin zombies (Ossuary)
  A hobgoblin zombie (Ossuary)
  A kobold zombie (Ossuary)
  4 orc zombies (Ossuary)
  5 rats
251 creatures vanquished.

Vanquished Creatures (collateral kills)
  A gnoll sergeant (D:10)
  2 wights (D:10)
  3 gnolls (D:10)
6 creatures vanquished.

Vanquished Creatures (others)
  An orc wizard (D:10)
  3 plants (D:1)
4 creatures vanquished.

Grand Total: 261 creatures vanquished

Notes
Turn   | Place    | Note
-------+----------+-------------------------------------------
     0 | D:1      | jasper the Demonspawn Gladiator began the quest for the
                  | Orb.
     0 | D:1      | Reached XP level 1. HP: 16/16 MP: 1/1
   308 | D:1      | Reached skill level 3 in Axes
   568 | D:1      | Gained mutation: You have a somewhat thin skeletal
                  | structure. (Dex +2, Stealth+) [demonic ancestry]
   568 | D:1      | Reached XP level 2. HP: 21/22 MP: 2/2
   642 | D:1      | Found a faded altar of an unknown god.
   648 | D:1      | Prayed at the altar of an unknown god.
   648 | D:1      | Became a worshipper of Trog the Wrathful
   648 | D:1      | Reached * piety under Trog
  1119 | D:2      | Noticed Terence
  1142 | D:2      | Killed Terence
  1143 | D:2      | Gained mutation: You have sharp fingernails. [demonic
                  | ancestry]
  1143 | D:2      | Reached XP level 3. HP: 8/28 MP: 3/3
  1727 | D:2      | Reached skill level 1 in Armour
  1999 | D:3      | Reached XP level 4. HP: 34/34 MP: 4/4
  2041 | D:3      | Found Netioppo's Armour Boutique.
  2054 | D:3      | Bought a +0 pair of boots for 63 gold pieces
  2193 | D:3      | Reached ** piety under Trog
  2377 | D:3      | Found a shimmering blue altar of Sif Muna.
  2800 | D:4      | Reached skill level 1 in Shields
  2800 | D:4      | Gained mutation: You regenerate magic rapidly. [demonic
                  | ancestry]
  2800 | D:4      | Reached XP level 5. HP: 35/39 MP: 5/5
  2804 | D:4      | Noticed an ice beast
  2823 | D:4      | Killed an ice beast
  2966 | D:4      | Reached XP level 6. HP: 46/46 MP: 6/6
  3078 | D:4      | Reached skill level 4 in Axes
  3396 | D:5      | Entered Level 5 of the Dungeon
  3417 | D:5      | Found a transporter.
  3417 | D:5      | Found a transporter.
  3417 | D:5      | Noticed AverageBear's ghost (novice OpFi)
  3426 | D:5      | Noticed a yak
  3426 | D:5      | Noticed a yak
  3435 | D:5      | Noticed a yak
  3464 | D:5      | Killed a yak
  3465 | D:5      | Gained mutation: You have very sharp fingernails. [demonic
                  | ancestry]
  3465 | D:5      | Reached XP level 7. HP: 52/52 MP: 7/7
  3496 | D:5      | Killed a yak
  3500 | D:5      | Killed a yak
  3501 | D:5      | Reached skill level 5 in Axes
  3727 | D:5      | Reached skill level 1 in Evocations
  3746 | D:5      | Gained mutation: You have a moderately thin skeletal
                  | structure. (Dex +4, Stealth++) [demonic ancestry]
  3746 | D:5      | Reached XP level 8. HP: 60/60 MP: 8/8
  4261 | D:5      | Noticed Pikel
  4282 | D:5      | Killed Pikel
  4612 | D:6      | Noticed Eustachio
  4631 | D:6      | Killed Eustachio
  4659 | D:6      | Reached XP level 9. HP: 62/65 MP: 9/9
  4664 | D:6      | Found a staircase to the Ecumenical Temple.
  4677 | D:6      | Reached skill level 6 in Axes
  5429 | D:7      | Noticed a kobold demonologist
  5431 | D:7      | Noticed a kobold demonologist
  5433 | D:7      | Reached *** piety under Trog
  5433 | D:7      | Noticed a kobold demonologist
  5434 | D:7      | Killed a kobold demonologist
  5435 | D:7      | Reached skill level 5 in Dodging
  5435 | D:7      | Killed a kobold demonologist
  5436 | D:7      | Reached skill level 5 in Fighting
  5455 | D:7      | Reached skill level 7 in Axes
  5455 | D:7      | Killed a kobold demonologist
  5827 | D:7      | Found Urauchu's Weapon Emporium.
  6090 | D:8      | Gained mutation: You have claws for hands. [demonic
                  | ancestry]
  6090 | D:8      | Reached XP level 10. HP: 76/76 MP: 10/10
  6250 | D:8      | Found Syzxy's Antique Weapon Emporium.
  6309 | D:8      | Found a sand-covered staircase.
  6312 | D:8      | Noticed a two-headed ogre
  6345 | D:8      | Killed a two-headed ogre
  6346 | D:8      | Reached skill level 8 in Axes
  6346 | D:8      | Reached skill level 5 in Armour
  6401 | Ossuary  | Entered an ossuary
  6453 | Ossuary  | Reached **** piety under Trog
  6979 | D:8      | Found Jijixt's Jewellery Emporium.
  7529 | D:9      | Found Sircheo's Armour Boutique.
  7531 | D:9      | Found a staircase to the Orcish Mines.
  7545 | D:9      | Found Ummo's Weapon Boutique.
  7550 | D:9      | Bought a +0 cloak for 67 gold pieces
  7645 | D:9      | Reached skill level 9 in Axes
  7707 | D:9      | Reached ***** piety under Trog
  8361 | D:10     | Entered Level 10 of the Dungeon
  8361 | D:10     | Found a portal to a secret trove of treasure.
  8374 | D:10     | Reached XP level 11. HP: 84/84 MP: 11/11
  8462 | D:10     | Noticed Snorg
  8570 | D:7      | Noticed Dowan
  8571 | D:7      | Noticed Duvessa
  8585 | D:7      | Killed Dowan
  8591 | D:7      | Killed Duvessa
  9068 | D:3      | Bought a +2 chain mail of willpower for 301 gold pieces
  9228 | D:10     | Identified the +8 long sword "Xallimm" {heavy, rElec}
  9555 | D:10     | Mangled by Snorg

Illustrated notes

Levels and vault maps discovered:
D:1:      dpeg_arrival_brainrot, layout_loops_ring,
          chequers_ecumenical_altar_lobes
D:2:      layout_basic, st_stairs_2, uniq_terence
D:3:      layout_basic, gammafunk_temple_overflow_statue,
          mainiacjoe_overflow_concentric_impassable, serial_shops, shop,
          minmay_fountain_box
D:4:      layout_basic, glass_columns_c
D:5:      layout_basic, gammafunk_ghost_hive, uniq_pikel
D:6:      layout_loops_ring, minmay_temple_entry_ruins, uniq_eustachio
D:7:      layout_rooms, serial_shops, nicolae_lakefront_shop, minivault_1,
          uniq_duvessa
D:8:      layout_loops_corners, serial_shops, shop, nicolae_ossuary_entry_ruins,
          minmay_shop_enchanted_jewellery
D:9:      layout_irregular_city, orc_david_3
D:10:     layout_cave_pools, nicolae_trove_entry_free_sample,
          grunt_ministairs_1, uniq_snorg

Skill      XL: |  1  2  3  4  5  6  7  8  9 10 11 |
---------------+----------------------------------+-----
Axes           | 3 4 5 7 9 |  9.7
Dodging        | 3 4 5 6 7 |  7.0
Armour         | 1 2 3 4 6 |  6.3
Shields        | 1 3 4 |  4.0
Fighting       | 3 4 5 7 |  7.3
Evocations     | 2 6 |  6.0
Throwing       | |  1.7

Action                     |  1- 3 |  4- 6 |  7- 9 | 10-12 || total
---------------------------+-------+-------+-------+-------++-------
  Melee: War axe           |    15 |       |    32 |   128 ||   175
         Spear             |    51 |   127 |   232 |   373 ||   783
         Hand axe          |       |       |       |    24 ||    24
  Throw: Stone             |       |       |     3 |       ||     3
         Throwing net      |       |       |       |     1 ||     1
 Invoke: Trog's Hand       |       |     1 |       |     4 ||     5
  Evoke: Wand              |       |       |     4 |     3 ||     7
    Use: Scroll            |     7 |    10 |     4 |     4 ||    25
   Stab: Sleeping          |     2 |     5 |    10 |     6 ||    23
         Distracted        |       |     2 |     1 |     3 ||     6
 Armour: Leather armour    |     6 |       |       |       ||     6
         Ring mail         |     3 |       |       |       ||     3
         Troll leather arm |     3 |    38 |    66 |   101 ||   208
         Chain mail        |       |       |       |    16 ||    16
  Dodge: Dodged            |    22 |    76 |   139 |   416 ||   653
  Block: Buckler           |       |    18 |    63 |   136 ||   217

Table legend: (Time is in decaauts)
 A = Elapsed time spent in this place.
 B = Non-inter-level travel time spent in this place.
 C = Inter-level travel time spent in this place.
 D = Time resting spent in this place.
 E = Time spent auto-exploring this place.
 F = Levels seen in this place.
 G = Mean time per level.
                   A        B        C        D        E       F      G
               +--------+--------+--------+--------+--------+-----+--------+
         Total |   9519 |   8916 |    603 |    608 |   5858 |  11 |  865.4 |
       Dungeon |   9065 |   8462 |    603 |    604 |   5733 |  10 |  906.5 |
       Ossuary |    454 |    454 |      0 |      4 |    125 |   1 |  454.0 |
               +--------+--------+--------+--------+--------+-----+--------+

Top non-repeatable levels by time:
     D:5: 1174 daAuts
     D:1: 1095 daAuts
     D:8: 1034 daAuts
     D:6: 952 daAuts
     D:7: 945 daAuts
     D:9: 939 daAuts
     D:3: 872 daAuts
     D:2: 841 daAuts
     D:4: 710 daAuts
    D:10: 500 daAuts
 Ossuary: 454 daAuts
